AoeStats
← Action Cat

Arabia

508354398Analyzed
1v1 RM · 11d ago on Sep 22, 2026· 17m 55s· 2 players
Game mode
Random Map
Map size
Tiny (2 player)
Population
200
Speed
Normal
Resources
Standard
Victory
Conquest
Starting age
Dark Age
Ending age
Imperial Age
RankedLock teamsTeams togetherTeam positionsShared explorationLock speedFull tech treeHidden civsTurbo modeCheats
Victory
Defeat
🇺🇸 Poles · United States
1072
+16
🇺🇸 Teutons · United States
1080
-16
Vule_Xyrashue
6:45 Loom
9:22 Feudal Age
9:34 Man-at-Arms
14:41 Fletching
16:58 Horse Collar
Action Cat
7:20 Loom
10:32 Feudal Age
15:12 Double-Bit Axe
17:49 Bloodlines
Connection lost

Rejoining the realm…

Still unreachable

The connection could not be restored.

Session expired

The server has moved on; the page needs a fresh start.